 Dungeon Crawl Stone Soup version 0.30-a0-4-ga7cffc901d (webtiles) character file.

Game seed: 2444269959481157955

52 Setbun the Sneak (level 4, -3/24 HPs)
             Began as a Kobold Enchanter on Aug 20, 2022.
             Slain by Natasha (7 damage)
             ... on level 2 of the Dungeon.
             The game lasted 00:01:32 (1331 turns).

Setbun the Sneak (Kobold Enchanter)                 Turns: 1331, Time: 00:01:32

Health: -3/24      AC:  2    Str:  5    XL:     4   Next: 8%
Magic:  7/7        EV: 15    Int: 16    God:
Gold:   37         SH:  0    Dex: 17    Spells: 8/8 levels left

rFire   . . .      SeeInvis .    a - +1 dagger
rCold   . . .      Faith    .    (no shield)
rNeg    . . .      Spirit   .    b - +0 robe
rPois   .          Reflect  .    (no helmet)
rElec   .          Harm     .    h - scarf {+Inv}
rCorr   .          Rampage  .    (no gloves)
Will    .....                    (no boots)
Stlth   ++++......               (no amulet)
HPRegen 0.08/turn                (no ring)
MPRegen 0.10/turn                (no ring)

@: slowed, very slow
A: small, no large weapons, nightstalker 3
a: Evoke Invisibility


You were on level 2 of the Dungeon.
You visited 1 branch of the dungeon, and saw 2 of its levels.

You collected 37 gold pieces.

Inventory:

Hand Weapons
 a - a +1 dagger (weapon)
Armour
 b - a +0 robe (worn)
 h - a scarf of invisibility (worn)
Scrolls
 g - a scroll of identify {unknown}
Potions
 c - 2 potions of invisibility
 d - a potion of brilliance {unknown}
 e - a potion of berserk rage {unknown}
 f - a potion of heal wounds {unknown}


   Skills:
 + Level 0.9 Fighting
 * Level 2.9 Short Blades
 + Level 2.9 Dodging
 + Level 4.3 Stealth
 + Level 2.6 Spellcasting
 + Level 3.2 Hexes


You had 8 spell levels left.
You didn't know any spells.
Your spell library contained the following spells:

 Spells                   Type           Power      Damage    Failure   Level
 Ensorcelled Hibernation  Hex/Ice        14%        N/A       16%         2
 Confusing Touch          Hex            12%        N/A       16%         3
 Tukima's Dance           Hex            12%        N/A       16%         3
 Dazzling Flash           Conj/Hex       14%        N/A       30%         3


Dungeon Overview and Level Annotations

Branches:
Dungeon (2/15)

Altars:

Shops:
D:1 ?[:[!

Annotations:
D:2 1 runed translucent door, Crazy Yiuf, Natasha


Innate Abilities, Weirdness & Mutations

You are small and have problems with some larger weapons.
You are completely attuned to the shadows.


Message History

The bat hits you but does no damage.
You hit the bat.
You kill the bat!
No target in view!
No target in view!
No target in view!
No target in view!
Natasha, Servant of Life and Death comes into view.
Natasha hisses angrily.
Natasha is nearby!
Natasha is nearby!
Natasha casts a spell.
You don't know any spells.
You hit Natasha but do no damage. You completely miss Natasha.
Natasha claws you.
The crimson imp blinks!
You closely miss Natasha. Natasha casts a spell at you.
The magic dart hits you.
You hit Natasha but do no damage. Natasha misses you.
The crimson imp misses you.
You closely miss Natasha. Natasha closely misses you. The crimson imp hits you.
You barely miss Natasha. Natasha casts a spell at you.
You resist with some effort. The crimson imp hits you.
You closely miss Natasha. Natasha casts a spell at you.
You feel yourself slow down. The crimson imp closely misses you.
You hit Natasha.
Natasha is moderately wounded.
Natasha barely misses you. The crimson imp misses you.
You hit Natasha.
Natasha is heavily wounded.
Natasha claws you!
* * * LOW HITPOINT WARNING * * *
The crimson imp misses you.
You miss Natasha.
Natasha is heavily wounded.
Natasha barely misses you. The crimson imp completely misses you.
Natasha claws you!
You die...

#............
#.....)......
#............
#.....#........####
#.....#.....#### #
#..^..####.## ##
#........#.# ..
###........#.# ..
...h@5#....#.# ..
#####.#....'.#####
#. ..##...##.....
#. ##.##...##.....
. #.##...##.....
....##..... ####..


You could see Natasha and a crimson imp (summoned).

Vanquished Creatures
  Natasha (D:2)
  An endoplasm (D:2)
  A giant cockroach (D:1)
  A goblin (D:1)
  7 hobgoblins
  A quokka (D:1)
  3 ball pythons
  7 bats
  A frilled lizard (D:2)
  4 kobolds (D:1)
  A rat (D:1)
28 creatures vanquished.

Notes
Turn   | Place    | Note
-------+----------+-------------------------------------------
     0 | D:1      | Setbun the Kobold Enchanter began the quest for the Orb.
     0 | D:1      | Reached XP level 1. HP: 10/10 MP: 3/3
   255 | D:1      | Reached XP level 2. HP: 15/15 MP: 5/5
   314 | D:1      | Found Igick's Distillery.
   351 | D:1      | Found Rehawefu's Antique Armour Boutique.
   846 | D:1      | Found Githesimn's Antique Armour Shop.
   864 | D:1      | Found Afuoqu's Magic Scroll Emporium.
   971 | D:1      | Found a faded altar of an unknown god.
   995 | D:1      | Reached XP level 3. HP: 20/20 MP: 6/6
  1100 | D:1      | Found Waci's Book Boutique.
  1215 | D:2      | Found a runed translucent door.
  1218 | D:2      | Noticed Crazy Yiuf
  1276 | D:2      | Noticed Natasha
  1280 | D:2      | Killed Natasha
  1281 | D:2      | Reached XP level 4. HP: 24/24 MP: 7/7
  1320 | D:2      | Noticed Natasha
  1331 | D:2      | Slain by Natasha

Illustrated notes

Levels and vault maps discovered:
D:1:      amcnicky_arrival_gap_in_the_tavern_cellar, layout_basic,
          chequers_ecumenical_altar_island, serial_shops, shop,
          nicolae_shop_statue_plus, nicolae_shop_waterfront,
          nicolae_shop_window_shopping, shop, due_unseen_surprise
D:2:      layout_basic, uniq_crazy_yiuf_cottage, uniq_natasha, uniq_jessica

Skill      XL: |  1  2 |
---------------+-------+-----
Short Blades   | 2 |  2.9
Fighting       | |  0.9
Dodging        | |  2.9
Stealth        | |  4.3
Spellcasting   | |  2.6
Hexes          | |  3.2

Action                   |  1- 3 |  4- 6 || total
-------------------------+-------+-------++-------
Melee: Dagger            |    57 |    20 ||    77
 Stab: Sleeping          |    14 |     1 ||    15
Armor: Robe              |     8 |     1 ||     9
Dodge: Dodged            |    28 |    15 ||    43

Table legend: (Time is in decaauts)
 A = Elapsed time spent in this place.
 B = Non-inter-level travel time spent in this place.
 C = Inter-level travel time spent in this place.
 D = Time resting spent in this place.
 E = Time spent auto-exploring this place.
 F = Levels seen in this place.
 G = Mean time per level.
                   A        B        C        D        E       F      G
               +--------+--------+--------+--------+--------+-----+--------+
         Total |   1324 |   1303 |     21 |    265 |    859 |   2 |  662.0 |
       Dungeon |   1324 |   1303 |     21 |    265 |    859 |   2 |  662.0 |
               +--------+--------+--------+--------+--------+-----+--------+

Top non-repeatable levels by time:
     D:1: 1148 daAuts
     D:2: 175 daAuts
